 Dungeon Crawl Stone Soup version 0.24-a0-181-gd121a6d (webtiles) character file.

Game seed: 1674382326719112215

21 Dfrag the Firebug (level 2, 0/22 HPs)
             Began as a Naga Fire Elementalist on Mar 14, 2019.
             Slain by a jackal (2 damage)
             ... on level 1 of the Dungeon.
             The game lasted 00:00:47 (240 turns).

Dfrag the Firebug (Naga Fire Elementalist)           Turns: 240, Time: 00:00:47

Health: 0/22       AC:  1    Str: 10    XL:     2   Next: 87%
Magic:  0/5        EV: 10    Int: 15    God:
Gold:   15         SH:  0    Dex: 11    Spells: 4/5 levels left

rFire    . . .     SeeInvis +   (no weapon)
rCold    . . .     Gourm    .   (no shield)
rNeg     . . .     Faith    .   a - +0 robe
rPois    +         Spirit   .   (no helmet)
rElec    .         Reflect  .   (no cloak)
rCorr    .         Harm     .   (no gloves)
MR       .....                  (no barding)
Stlth    ++........             (no amulet)
HPRegen  0.07/turn              (no ring)
MPRegen  0.09/turn              (no ring)

@: short of breath, very slow
A: large, see invisible, deformed body, poison resistance, slowness 2, slow
metabolism 1, spit poison 1, AC +0
a: Spit Poison


You were on level 1 of the Dungeon.
You were not hungry.

You visited 1 branch of the dungeon, and saw 1 of its levels.

You collected 15 gold pieces.

Inventory:

Armour
 a - a +0 robe (worn)
Jewellery
 e - an uncursed ring of ice
Scrolls
 b - 2 scrolls of remove curse {unknown}
Potions
 d - a potion of flight {unknown}
Comestibles
 c - 3 rations


   Skills:
 - Level 1.5 Dodging
 - Level 3.0 Stealth
 + Level 2.3 Spellcasting
 + Level 1.7 Conjurations
 + Level 3.3 Fire Magic


You had 4 spell levels left.
You knew the following spells:

 Your Spells              Type           Power        Failure   Level  Hunger
a - Flame Tongue          Conj/Fire      #....        8%          1    #......

Your spell library contained the following spells:

 Spells                   Type           Power        Failure   Level  Hunger
 Throw Flame              Conj/Fire      #.....       12%         2    ###....
 Conjure Flame            Conj/Fire      #.......     22%         3    ###....
 Inner Flame              Hex/Fire       #.......     32%         3    ###....
 Sticky Flame             Conj/Fire      #.......     58%         4    #####..
 Fireball                 Conj/Fire      #.........   91%         5    ######.


Dungeon Overview and Level Annotations

Branches:
Dungeon (1/15)

Altars:


Innate Abilities, Weirdness & Mutations

You cannot wear boots.
Your serpentine skin is tough. (AC +0)
You have supernaturally acute eyesight. (SInv)
Armour fits poorly on your strangely shaped body.
Your system is resistant to poisons. (rPois)
You cover ground very slowly.
You have a slow metabolism.
You can spit poison.


Message History

The flame tongue hits the jackal but does no damage.
The jackal misses you.
Casting: Flame Tongue (safe; 8% risk of failure)
Confirm with . or Enter, or press ? or * to list all spells.
Aiming: Flame Tongue (safe; 8% risk of failure)
Press: ? - help, Shift-Dir - straight line, f/p - jackal
Aim: a jackal The flame tongue hits the jackal.
The jackal is almost dead.
You have got your breath back.
The jackal bites you.
* * * LOW HITPOINT WARNING * * *
The jackal bites you.
* * * LOW HITPOINT WARNING * * *
A kobold comes into view.
Press: ? - help, Shift-Dir - straight line, f/p - jackal
Aim: a jackal (almost dead)
The splash of poison misses the jackal.
You feel slightly more hungry. The jackal bites you.
You die...

##### #...# .
####...# .. ..##...#
... #.##...# ....
#.##...# .....
##.####.##†..#K.....
###
.........'†.@h......
...
..####.##...#......
# #....##...# .....
# #.#####...# #### #
#.....#...### #
###.#........ #
#.#........ #
#.#........ #
#.#........ #


You could see a jackal and a kobold.

Vanquished Creatures
  4 goblins (D:1)
  3 hobgoblins (D:1)
  A jackal (D:1)
  2 frilled lizards (D:1)
  5 kobolds (D:1)
  4 rats (D:1)
19 creatures vanquished.

Notes
Turn   | Place    | Note
-------+----------+-------------------------------------------
     0 | D:1      | Dfrag the Naga Fire Elementalist began the quest for the
                  | Orb.
     0 | D:1      | Reached XP level 1. HP: 15/15 MP: 3/3
    90 | D:1      | Reached XP level 2. HP: 14/22 MP: 5/5
   240 | D:1      | Slain by a jackal

Levels and vault maps discovered:
D:1:      scummos_arrival_simple_crosswalls, layout_basic

Action                   || total
-------------------------++-------
 Cast: Flame Tongue      ||    18
 Abil: Spit Poison       ||    16
Dodge: Dodged            ||     9

Table legend:
 A = Non-vault XP
 B = Vault XP
 C = Vault XP percentage of total XP
 D = Non-vault monster count
 E = Vault monster count
 F = Vault count percentage of total count
                 A         B        C        D         E       F
            +---------+---------+-------+---------+---------+-------
      Total |      31 |       0 |   0.0 |      19 |       0 |   0.0
            +---------+---------+-------+---------+---------+-------
        D:1 |      31 |       0 |   0.0 |      19 |       0 |   0.0
            +---------+---------+-------+---------+---------+-------
